 Dungeon Crawl Stone Soup version 0.24.0-13-gcf9b3192b9 (webtiles) character file.

Game seed: 5831210759822328986, levelgen mode: deterministic

493 Lanoc the Ruffian (level 6, -3/61 HPs)
             Began as a Troll Wanderer on Nov 5, 2019.
             Was a Follower of the Shining One.
             Slain by a wight
             ... wielding a cursed +0 war axe
              (12 damage)
             ... on level 5 of the Dungeon.
             The game lasted 00:11:29 (4238 turns).

Lanoc the Ruffian (Troll Wanderer)                  Turns: 4238, Time: 00:11:30

Health: -3/61      AC:  7    Str: 17 (20) XL:     6   Next: 92%
Magic:  6/6        EV:  9    Int: 12 (15) God:    the Shining One [*.....]
Gold:   166        SH:  0    Dex:  7 (10) Spells: 6/7 levels left

rFire    . . .     SeeInvis .   a - +0 club
rCold    + . .     Gourm    +   (no shield)
rNeg     . . .     Faith    .   c - +0 robe
rPois    .         Spirit   .   (helmet restricted)
rElec    .         Reflect  .   p - +0 cloak
rCorr    .         Harm     .   (gloves unavailable)
MR       .....                  (boots unavailable)
Stlth    +.........             (no amulet)
HPRegen  0.60/turn              r - ring of protection from cold
MPRegen  0.10/turn              (no ring)

@: brilliant, glowing, drained
A: large, unfitting armour, claws 3, fast metabolism 3, gourmand, regeneration
1, shaggy fur 1, tough skin 3
a: Renounce Religion


You were on level 5 of the Dungeon.
You worshipped the Shining One.
The Shining One was aware of your devotion.
You were near starving.

You visited 1 branch of the dungeon, and saw 5 of its levels.
You also visited: Sewer.

You collected 166 gold pieces.

Inventory:

Hand Weapons
 a - a +0 club (weapon)
Missiles
 g - 12 poisoned darts
 i - 8 atropa-tipped darts (quivered)
Armour
 c - a +0 robe (worn)
 p - a +0 cloak (worn)
Jewellery
 r - a ring of protection from cold (left claw)
Wands
 k - a wand of paralysis (10)
Scrolls
 d - 5 scrolls of remove curse
 h - 3 scrolls of identify {unknown}
 j - 3 scrolls of teleportation {unknown}
 l - 4 scrolls of fear
 n - 2 scrolls of enchant weapon {unknown}
 o - 2 scrolls of noise {unknown}
 q - 3 scrolls of fog {unknown}
 s - a scroll of immolation {unknown}
 u - a scroll of blinking {unknown}
Potions
 b - 2 potions of degeneration
 m - a potion of magic {unknown}
 t - a potion of curing
Comestibles
 f - 7 rations


   Skills:
 + Level 3.0(2.3) Fighting
   Level 1.2(0.5) Crossbows
 + Level 3.2(2.5) Throwing
 - Level 1.0(0.2) Stealth
 * Level 4.9(4.1) Unarmed Combat
 - Level 1.2(0.5) Spellcasting
   Level 1.0(0.2) Hexes
   Level 1.3(0.6) Summonings


You had 6 spell levels left.
You knew the following spells:

 Your Spells              Type           Power        Failure   Level  Hunger
a - Magic Dart            Conj           #...         4%          1    ##.....

Your spell library contained the following spells:

 Spells                   Type           Power        Failure   Level  Hunger
 Call Imp                 Summ           #.......     4%          2    ###....
 Blink                    Tloc           N/A          5%          2    ###....
 Slow                     Hex            #.......     5%          2    ###....
 Conjure Flame            Conj/Fire      #.......     11%         3    ####...
 Mephitic Cloud           Conj/Pois/Air  #.......     11%         3    ####...


Dungeon Overview and Level Annotations

Branches:
Dungeon (5/15)             Temple (0/1) D:5           Sewer (visited)

Altars:
Dithmenos
Gozag
Nemelex Xobeh
Qazlal
Sif Muna
Uskayaw
The Shining One


Innate Abilities, Weirdness & Mutations

You are too large for most types of armour.
You have claws for hands.
Your metabolism is lightning-fast.
You like to eat raw meat.
Your natural rate of healing is unusually fast.
You are covered in fur. (AC +1)
You have extremely tough skin. (AC +3)


Message History

The river rat misses you. The river rat bites you.
* * * LOW HITPOINT WARNING * * *
The wight closely misses you.
As you read the scroll of fear, it crumbles to dust.
You assume a fearsome visage.
The river rat looks frightened! x2
The rat looks frightened! x2; The river rat looks frightened!
The rat looks frightened!
The wight is unaffected. x2
The wight hits you with a cursed +0 war axe.
* * * LOW HITPOINT WARNING * * *
You feel drained.
* * * LOW HITPOINT WARNING * * *
Okay, then.
You feel better.
The wight hits you with a cursed +0 war axe.
* * * LOW HITPOINT WARNING * * *
It was a potion of brilliance.
You feel clever all of a sudden.
The wight hits you with a cursed +0 war axe!
You die...

##########
#.≈≈≈'≈≈≈#
#...≈#≈r≈#
#..r≈#≈≈≈#
##..≈r##r##
#...≈r≈≈≈r#
#....≈≈≈z≈#
#.......≈≈#
#...?...z@#
##.#########
#..# #.##
##.# #..#
##.## #..#
##.##


You could see 2 wights, 3 river rats and 3 rats.

Vanquished Creatures
  An orc warrior (D:2)
  A water moccasin zombie (D:5)
  2 orc priests (D:3)
  2 orc wizards (D:3)
  Jessica (D:2)
  3 gnolls
  5 adders
  An ooze (D:1)
  2 worms
  4 dart slugs
  A leopard gecko (D:2)
  9 orcs (D:3)
  2 giant cockroaches
  11 goblins
  5 hobgoblins
  8 jackals
  14 kobolds
  3 quokkas
  4 ball pythons
  3 bats
  8 frilled lizards
  A quokka zombie (D:5)
  7 rats
  4 plants (Sewer)
102 creatures vanquished.

Vanquished Creatures (others)
  An orc wizard (D:3)
1 creature vanquished.

Grand Total: 103 creatures vanquished

Notes
Turn   | Place    | Note
-------+----------+-------------------------------------------
     0 | D:1      | Lanoc the Troll Wanderer began the quest for the Orb.
     0 | D:1      | Lanoc set off with the following items: a +0 club, a potion
                  | of curing, a +0 robe, 2 rations; and the following spell
                  | memorised: Magic Dart; and the following spells available
                  | to memorise: Call Imp, Slow, Blink, Conjure Flame, Mephitic
                  | Cloud
     0 | D:1      | Reached XP level 1. HP: 19/19 MP: 1/1
   160 | D:1      | Reached skill level 1 in Unarmed Combat
   166 | D:1      | Reached XP level 2. HP: 26/27 MP: 2/2
   321 | D:1      | Reached XP level 3. HP: 12/33 MP: 3/3
   720 | D:1      | Reached skill level 2 in Unarmed Combat
   957 | D:2      | Reached XP level 4. HP: 39/42 MP: 4/4
   964 | D:2      | Found a glowing golden altar of the Shining One.
   971 | D:2      | Became a worshipper of the Shining One
  1023 | D:2      | Found a hide-covered altar of Uskayaw.
  1292 | D:2      | Found a sparkling altar of Nemelex Xobeh.
  1292 | D:2      | Noticed Jessica
  1314 | D:2      | Killed Jessica
  1314 | D:2      | Reached skill level 3 in Unarmed Combat
  1569 | D:2      | Found a sparkling altar of Nemelex Xobeh.
  1786 | D:3      | Reached XP level 5. HP: 27/49 MP: 5/5
  1849 | D:3      | Reached skill level 4 in Unarmed Combat
  1911 | D:3      | Noticed an orc warrior
  1971 | D:2      | Killed an orc warrior
  1971 | D:2      | Reached XP level 6. HP: 35/59 MP: 6/6
  2530 | D:4      | Found an opulent altar of Gozag.
  2615 | D:4      | Found a stormy altar of Qazlal.
  2801 | D:4      | Found a shadowy altar of Dithmenos.
  2876 | D:4      | Found a shimmering blue altar of Sif Muna.
  2963 | D:5      | Entered Level 5 of the Dungeon
  2963 | D:5      | Reached * piety under the Shining One
  3048 | D:5      | Found a glowing drain.
  3061 | Sewer    | Entered a sewer
  4238 | D:5      | Slain by a wight

Levels and vault maps discovered:
D:1:      saegor_arrival_miasma, layout_basic, serial_bayou,
          serial_bayou_pond_d, serial_bayou_lagoon_a, serial_bayou_shore_a,
          serial_bayou_shore_b, interstate_on_off, minmay_hexomino_u4
D:2:      layout_basic, nemelex_altar_shiori, nicolae_tso_carved_into_rock,
          nicolae_overflow_hidden_temple, first_ration,
          nemelex_lonely_heart_becter
D:3:      layout_basic, minmay_misc_feat_five
D:4:      layout_basic, grunt_gozag_breadcrumbs, tgw_sif,
          nicolae_dithmenos_through_a_glass_darkly, grunt_qazlal_sundering,
          serial_glass, glass_columns_b, glass_columns_c
D:5:      layout_loops_ring, evilmike_ruin_ashenzari, kennysheep_little_box,
          minmay_temple_entry_from_below_a, portal_sewer_entry_e, st_stairs_12

Skill      XL: |  1  2  3  4  5  6 |
---------------+-------------------+-----
Unarmed Combat | 1 2 3 4 |  4.9
Throwing       | 2 3 |  3.2
Fighting       | 2 3 |  3.0
Crossbows      | |  1.2
Stealth        | |  1.0
Spellcasting   | |  1.2
Hexes          | |  1.0
Summonings     | |  1.3

Action                   |  1- 3 |  4- 6 || total
-------------------------+-------+-------++-------
Melee: Club              |   187 |   721 ||   908
       Punch             |     1 |    21 ||    22
  Use: Potion            |       |    11 ||    11
       Scroll            |       |     4 ||     4
 Stab: Sleeping          |     1 |       ||     1
  Eat: Chunk             |    15 |    19 ||    34
       Ration            |       |     2 ||     2
Armor: Robe              |   129 |   210 ||   339
Dodge: Dodged            |   127 |   239 ||   366
